 Dungeon Crawl Stone Soup version 0.22.0 (webtiles) character file.

7859 Azzok the Destroyer (level 11, -20/81 HPs)
             Began as a Gnoll Conjurer on Aug 11, 2018.
             Was an Elder of Vehumet.
             Demolished by a lorocyproca (29 damage)
             ... on level 1 of the Abyss.
             The game lasted 00:27:29 (12424 turns).

Azzok the Destroyer (Gnoll Conjurer)               Turns: 12424, Time: 00:27:29

Health: -20/81     AC:  8    Str: 10    XL:     11   Next: 21%
Magic:  19/37      EV: 18    Int: 22    God:    Vehumet [****..]
Gold:   594        SH:  0    Dex: 18    Spells: 16/25 levels left

rFire    . . .     SeeInvis .   a - staff of power
rCold    . . .     Gourm    .   (no shield)
rNeg     . . .     Faith    +   x - +1 robe
rPois    +         Spirit   .   D - +0 helmet
rElec    .         Reflect  .   (no cloak)
rCorr    .         Harm     .   I - +2 pair of gloves
MR       .....                  (no boots)
Stlth    ++++......             d - amulet of faith
HPRegen  0.23/turn              g - ring of poison resistance
MPRegen  0.25/turn              o - +3 ring of dexterity

@: lethally poisoned (-20 -> -21)
A: distributed training, fangs 1, strong nose
a: Renounce Religion


You were on level 1 of the Abyss.
You worshipped Vehumet.
Vehumet was greatly pleased with you.
You were hungry.

You visited 2 branches of the dungeon, and saw 11 of its levels.
You visited the Abyss 1 time.

You collected 594 gold pieces.

Inventory:

Hand Weapons
 b - a +0 dagger of electrocution
Armour
 x - a +1 robe (worn)
 D - a +0 helmet (worn)
 I - a +2 pair of gloves (worn)
Magical Staves
 a - an uncursed staff of power (weapon)
Jewellery
 d - an amulet of faith (around neck)
 g - a ring of poison resistance (left hand)
 o - a +3 ring of dexterity (right hand)
 p - an uncursed ring of resist corrosion
 u - an uncursed ring of fire
 v - an uncursed amulet of regeneration
 L - an uncursed amulet of the gourmand
Wands
 r - a wand of acid (9)
 E - a wand of iceblast (6)
 F - a wand of disintegration (13)
 K - a wand of paralysis (13)
Scrolls
 f - 2 scrolls of enchant armour
 h - a scroll of magic mapping {unknown}
 i - a scroll of fear {unknown}
 k - 3 scrolls of enchant weapon {unknown}
 l - a scroll of amnesia {unknown}
 t - 6 scrolls of remove curse {unknown}
 y - 2 scrolls of blinking {unknown}
 A - a scroll of fog {unknown}
 B - 6 scrolls of teleportation {unknown}
 H - 2 scrolls of torment {unknown}
Potions
 e - 7 potions of curing
 j - 2 potions of flight
 m - a potion of resistance
 n - a potion of invisibility
 q - a potion of agility
 s - a potion of degeneration {unknown}
 z - a potion of lignification {unknown}
 C - 2 potions of magic {unknown}
 G - a potion of mutation {unknown}
Comestibles
 c - 19 rations


   Skills:
 + Level 6.0 Fighting
 + Level 6.0 Short Blades
 + Level 6.0 Long Blades
 + Level 6.0 Axes
 + Level 6.0 Maces & Flails
 + Level 6.0 Polearms
 + Level 6.0 Staves
 + Level 6.0 Slings
 + Level 6.0 Bows
 + Level 6.0 Crossbows
 + Level 6.0 Throwing
 + Level 6.0 Armour
 + Level 7.6 Dodging
 + Level 7.4 Stealth
 + Level 6.0 Shields
 + Level 6.0 Unarmed Combat
 + Level 7.9 Spellcasting
 + Level 8.8 Conjurations
 + Level 4.9 Hexes
 + Level 4.9 Charms
 + Level 4.9 Summonings
 + Level 4.9 Necromancy
 + Level 4.9 Translocations
 + Level 4.9 Transmutations
 + Level 4.9 Fire Magic
 + Level 4.9 Ice Magic
 + Level 4.9 Air Magic
 + Level 4.9 Earth Magic
 + Level 4.9 Poison Magic
 + Level 6.5 Invocations
 + Level 6.0 Evocations


You had 16 spell levels left.
You knew the following spells:

 Your Spells              Type           Power        Failure   Level  Hunger
a - Magic Dart            Conj           ####         1%          1    None
b - Iskenderun's Mystic   Conj           #####...     1%          4    ###....
d - Fulminant Prism       Conj/Hex       #####.....   1%          4    ###....

Your spell library contained the following spells:

 Spells                   Type           Power        Failure   Level  Hunger
 Lightning Bolt           Conj/Air       #####.....   3%          5    #####..
 Shock                    Conj/Air       ####         1%          1    None
 Swiftness                Chrm/Air       ####....     1%          2    None
 Airstrike                Air            ####......   2%          4    ###....
 Static Discharge         Conj/Air       #####...     1%          3    None
 Dazzling Spray           Conj/Hex       #####.       1%          3    None
 Force Lance              Conj/Tloc      #####...     1%          4    ###....
 Searing Ray              Conj           #####.       1%          2    None


Dungeon Overview and Level Annotations

Branches:
Dungeon (10/15)            Temple (1/1) D:4            Lair (0/6) D:8
    Orc (0/2) D:9

Altars:
Dithmenos
Elyvilon
Fedhas
Gozag
Kikubaaqudgha
Makhleb
Qazlal
Ru
Sif Muna
Vehumet
Wu Jian

Annotations:
D:6 1 runed door, sefi's ghost, novice MfSu
D:10 Sonja


Innate Abilities, Weirdness & Mutations

Your experience applies equally to all skills.
You have very sharp teeth.
Your uncanny sense of smell can sniff out nearby items.


Message History

You are cast into the Abyss!
To return, you must find a gate leading back.
Killing monsters will force the Abyss to allow you passage.
This branch contains the abyssal rune of Zot.
Found 22 gold pieces and 18 stones.
You feel sick.
You now have 594 gold pieces (gained 22).
You feel sick.
You feel sick. x3
You feel yourself speed up.
You feel sick.
You feel sick. x2
You hear a chilling moan.
You feel sick. x2
Something hits you!
* * * LOW HITPOINT WARNING * * *
You feel your power leaking away.
Deactivating autopickup; reactivate with Ctrl-A.
Something hits you!!
You die...

∆ ∆ ▒ ▒ · ▒▒·
·▒▒·
···▒▒▒▒·▒▒▒·····
···············
·······@········
····(···········
··············▒·
··············▒
················
··············▒·
···············▒
·····▒▒▒▒·▒····▒


There were no monsters in sight!

Vanquished Creatures
  A two-headed ogre (D:10)
  Pikel (D:5)
  A centaur zombie (D:10)
  A troll (D:8)
  Grinder (D:3)
  A hornet (D:8)
  3 hippogriffs
  A wraith (D:10)
  A wyvern (D:10)
  Edmund (D:5)
  4 wargs (D:9)
  2 water moccasins
  2 ice beasts
  2 orc warriors
  2 black bears
  2 sky beasts
  A hornet zombie (D:6)
  2 necrophages (D:9)
  2 slaves (D:5)
  3 ogres
  4 centaurs
  3 wolves (D:8)
  2 big kobolds
  2 bullfrogs
  A gnoll sergeant (D:8)
  3 scorpions
  5 killer bees (D:9)
  4 wights (D:8)
  2 howler monkeys (D:7)
  3 electric eels (D:8)
  4 crimson imps
  3 orc priests
  7 hounds
  A jelly (D:8)
  A bullfrog skeleton (D:7)
  3 iguanas
  8 worker ants
  Natasha (thrice) (D:3)
  5 orc wizards
  A hound skeleton (D:4)
  A worker ant zombie (D:6)
  12 gnolls
  12 adders
  3 shadow imps
  An adder skeleton (D:4)
  An adder zombie (D:9)
  3 worms
  A dart slug (D:3)
  6 leopard geckos
  19 orcs
  2 giant cockroaches
  11 hobgoblins
  6 jackals
  15 kobolds
  2 quokkas
  4 bats (D:1)
  4 frilled lizards
  A giant cockroach zombie (D:3)
  9 goblins
  A leopard gecko skeleton (D:8)
  11 rats
224 creatures vanquished.

Vanquished Creatures (others)
  A human (D:5)
  A quokka zombie (D:5)
  75 fulminant prisms
77 creatures vanquished.

Grand Total: 301 creatures vanquished

Notes
Turn   | Place    | Note
-------+----------+-------------------------------------------
     0 | D:1      | Azzok the Gnoll Conjurer began the quest for the Orb.
     0 | D:1      | Reached XP level 1. HP: 13/13 MP: 6/6
   159 | D:1      | Reached XP level 2. HP: 19/19 MP: 5/7
   686 | D:1      | Reached XP level 3. HP: 25/25 MP: 7/9
   884 | D:1      | Reached skill level 5 in Spellcasting
  1194 | D:2      | Found a stormy altar of Qazlal.
  1269 | D:2      | Reached skill level 1 in Invocations
  1587 | D:2      | Found a deep blue altar of Sif Muna.
  1612 | D:2      | Reached skill level 1 in Fighting
  1612 | D:2      | Reached skill level 1 in Short Blades
  1612 | D:2      | Reached skill level 1 in Long Blades
  1612 | D:2      | Reached skill level 1 in Axes
  1612 | D:2      | Reached skill level 1 in Maces & Flails
  1612 | D:2      | Reached skill level 1 in Polearms
  1612 | D:2      | Reached skill level 1 in Staves
  1612 | D:2      | Reached skill level 1 in Slings
  1612 | D:2      | Reached skill level 1 in Bows
  1612 | D:2      | Reached skill level 1 in Crossbows
  1612 | D:2      | Reached skill level 1 in Throwing
  1612 | D:2      | Reached skill level 1 in Armour
  1612 | D:2      | Reached skill level 1 in Shields
  1612 | D:2      | Reached skill level 1 in Unarmed Combat
  1612 | D:2      | Reached skill level 1 in Evocations
  1858 | D:3      | Reached XP level 4. HP: 30/32 MP: 1/11
  1953 | D:2      | Learned a level 4 spell: Iskenderun's Mystic Blast
  1958 | D:2      | Learned a level 4 spell: Fulminant Prism
  2018 | D:3      | Reached skill level 1 in Hexes
  2018 | D:3      | Reached skill level 1 in Charms
  2018 | D:3      | Reached skill level 1 in Summonings
  2018 | D:3      | Reached skill level 1 in Necromancy
  2018 | D:3      | Reached skill level 1 in Translocations
  2018 | D:3      | Reached skill level 1 in Transmutations
  2018 | D:3      | Reached skill level 1 in Fire Magic
  2018 | D:3      | Reached skill level 1 in Ice Magic
  2018 | D:3      | Reached skill level 1 in Air Magic
  2018 | D:3      | Reached skill level 1 in Earth Magic
  2018 | D:3      | Reached skill level 1 in Poison Magic
  2144 | D:3      | Noticed Natasha
  2147 | D:3      | Killed Natasha
  2147 | D:3      | Reached XP level 5. HP: 37/37 MP: 5/12
  2221 | D:3      | Noticed Natasha
  2225 | D:3      | Killed Natasha
  2337 | D:3      | Found a blossoming altar of Fedhas.
  2340 | D:3      | Found an ornate altar of the Wu Jian Council.
  2445 | D:3      | Found a white marble altar of Elyvilon.
  2448 | D:3      | Found a sacrificial altar of Ru.
  2692 | D:3      | Noticed Grinder
  2699 | D:3      | Paralysed by Grinder for 2 turns
  2737 | D:3      | Noticed Natasha
  3202 | D:3      | Killed Natasha
  3202 | D:3      | Reached XP level 6. HP: 44/44 MP: 5/13
  3284 | D:3      | Paralysed by Grinder for 6 turns
  3385 | D:3      | Paralysed by Grinder for 3 turns
  3390 | D:3      | Killed Grinder
  3390 | D:3      | Reached skill level 5 in Dodging
  3390 | D:3      | Reached XP level 7. HP: 36/50 MP: 7/15
  4107 | D:4      | Found a staircase to the Ecumenical Temple.
  4125 | Temple   | Entered the Ecumenical Temple
  4138 | Temple   | Became a worshipper of Vehumet
  4796 | D:4      | Reached skill level 5 in Stealth
  5103 | D:5      | Entered Level 5 of the Dungeon
  5133 | D:5      | Reached XP level 8. HP: 57/57 MP: 7/16
  5326 | D:5      | Noticed Edmund
  5333 | D:5      | Killed Edmund
  6050 | D:5      | Found an ancient bone altar of Kikubaaqudgha.
  6300 | D:5      | Noticed Pikel
  6310 | D:5      | Killed Pikel
  6310 | D:5      | Reached XP level 9. HP: 65/65 MP: 15/18
  6600 | D:6      | Found a runed door.
  6659 | D:6      | Reached * piety under Vehumet
  6659 | D:6      | Offered knowledge of Sting by Vehumet.
  7359 | D:6      | Reached skill level 8 in Conjurations
  7589 | D:6      | Found a deep blue altar of Sif Muna.
  7781 | D:6      | Noticed sefi's ghost (novice MfSu)
  8347 | D:7      | Reached ** piety under Vehumet
  8347 | D:7      | Offered knowledge of Flame Tongue by Vehumet.
  8552 | D:7      | Reached skill level 5 in Invocations
  8892 | D:8      | Reached XP level 10. HP: 57/73 MP: 15/20
  9472 | D:8      | Reached skill level 5 in Fighting
  9472 | D:8      | Reached skill level 5 in Short Blades
  9472 | D:8      | Reached skill level 5 in Long Blades
  9472 | D:8      | Reached skill level 5 in Axes
  9472 | D:8      | Reached skill level 5 in Maces & Flails
  9472 | D:8      | Reached skill level 5 in Polearms
  9472 | D:8      | Reached skill level 5 in Staves
  9472 | D:8      | Reached skill level 5 in Slings
  9472 | D:8      | Reached skill level 5 in Bows
  9472 | D:8      | Reached skill level 5 in Crossbows
  9472 | D:8      | Reached skill level 5 in Throwing
  9472 | D:8      | Reached skill level 5 in Armour
  9472 | D:8      | Reached skill level 5 in Shields
  9472 | D:8      | Reached skill level 5 in Unarmed Combat
  9472 | D:8      | Reached skill level 5 in Evocations
  9752 | D:8      | Offered knowledge of Inner Flame by Vehumet.
 10105 | D:8      | Reached *** piety under Vehumet
 10381 | D:8      | Found a staircase to the Lair.
 11017 | D:9      | Offered knowledge of Conjure Flame by Vehumet.
 11490 | D:9      | Found a staircase to the Orcish Mines.
 11917 | D:10     | Entered Level 10 of the Dungeon
 11924 | D:10     | Reached XP level 11. HP: 81/81 MP: 22/22
 12168 | D:10     | Noticed Sonja
 12208 | D:10     | Noticed a two-headed ogre
 12224 | D:10     | Killed a two-headed ogre
 12385 | D:10     | Reached **** piety under Vehumet
 12402 | D:10     | Cast into level 1 of the Abyss (Sonja)
 12424 | Abyss:1  | Demolished by a lorocyproca

Skill      XL: |  1  2  3  4  5  6  7  8  9 10 11 |
---------------+----------------------------------+-----
Spellcasting   | 5 6 7 |  7.9
Invocations    | 1 2 3 4 5 6 |  6.5
Fighting       | 1 2 3 4 5 6 |  6.0
Short Blades   | 1 2 3 4 5 6 |  6.0
Long Blades    | 1 2 3 4 5 6 |  6.0
Axes           | 1 2 3 4 5 6 |  6.0
Maces & Flails | 1 2 3 4 5 6 |  6.0
Polearms       | 1 2 3 4 5 6 |  6.0
Staves         | 1 2 3 4 5 6 |  6.0
Slings         | 1 2 3 4 5 6 |  6.0
Bows           | 1 2 3 4 5 6 |  6.0
Crossbows      | 1 2 3 4 5 6 |  6.0
Throwing       | 1 2 3 4 5 6 |  6.0
Armour         | 1 2 3 4 5 6 |  6.0
Shields        | 1 2 3 4 5 6 |  6.0
Unarmed Combat | 1 2 3 4 5 6 |  6.0
Evocations     | 1 2 3 4 5 6 |  6.0
Hexes          | 1 2 3 4 |  4.9
Charms         | 1 2 3 4 |  4.9
Summonings     | 1 2 3 4 |  4.9
Necromancy     | 1 2 3 4 |  4.9
Translocations | 1 2 3 4 |  4.9
Transmutations | 1 2 3 4 |  4.9
Fire Magic     | 1 2 3 4 |  4.9
Ice Magic      | 1 2 3 4 |  4.9
Air Magic      | 1 2 3 4 |  4.9
Earth Magic    | 1 2 3 4 |  4.9
Poison Magic   | 1 2 3 4 |  4.9
Dodging        | 5 6 7 |  7.6
Stealth        | 5 6 7 |  7.4
Conjurations   | 8 |  8.8

Action                   |  1- 3 |  4- 6 |  7- 9 | 10-12 || total
-------------------------+-------+-------+-------+-------++-------
Melee: Unarmed           |       |     4 |       |       ||     4
       Dagger            |       |       |     7 |       ||     7
       Punch             |       |       |     1 |       ||     1
 Cast: Magic Dart        |    65 |    97 |   209 |   174 ||   545
       Fulminant Prism   |       |     4 |    36 |    36 ||    76
       Iskenderun's Myst |       |       |    35 |    51 ||    86
  Use: Scroll            |       |       |     5 |     5 ||    10
  Eat: Chunk             |     2 |     6 |    21 |    11 ||    40
       Ration            |       |       |     1 |     2 ||     3
Armor: Robe              |       |     3 |    11 |    15 ||    29
Dodge: Dodged            |     2 |    18 |    90 |    96 ||   206
